AoeStats
← sky_wu

Arabia

510469587Analyzed
2v2 RM · 22h ago on Oct 1, 2026· 22m 20s· 4 players
Game mode
Random Map
Map size
Medium (4 player)
Population
200
Speed
Normal
Resources
Standard
Victory
Conquest
Starting age
Dark Age
Ending age
Imperial Age
RankedLock teamsTeams togetherTeam positionsShared explorationLock speedFull tech treeHidden civsTurbo modeCheats
Victory
Defeat
🇨🇳 Franks · China
1123
+14
🇨🇳 Persians · China
1122
+14
🇺🇸 Georgians · United States
1084
-14
🇹🇼 Saxons · Taiwan
1084
-14
Copybara
2:49 Loom
9:11 Feudal Age
9:43 Double-Bit Axe
9:45 Town Watch
10:55 Horse Collar
13:48 Wheelbarrow
15:38 Gold Mining
20:01 Castle Age
21:02 Squires
sky_wu
1:23 Loom
10:07 Feudal Age
19:45 Castle Age
17:56 Double-Bit Axe
17:52 Horse Collar
22:01 Bow Saw
22:13 Heavy Plow
yanglegeyang
11:19 Feudal Age
15:48 Castle Age
13:34 Loom
15:09 Bloodlines
15:05 Scale Barding Armor
16:14 Forging
16:40 Husbandry
755583871
2:42 Loom
11:57 Feudal Age
16:31 Castle Age
17:49 Scale Barding Armor
18:35 Forging
20:59 Chain Barding Armor
22:09 Iron Casting
Connection lost

Rejoining the realm…

Still unreachable

The connection could not be restored.

Session expired

The server has moved on; the page needs a fresh start.